 Dungeon Crawl Stone Soup version 0.31.0-11-ge490571c62 (webtiles) character file.

Game seed: 8277626767433064971

38 hawla the Scratcher (level 3, -1/18 HPs)
             Began as a Felid Shapeshifter on Jan 27, 2024.
             Slain by a gnoll bouda
             ... wielding a +0 whip
              (9 damage)
             ... on level 2 of the Dungeon.
             The game lasted 00:02:59 (755 turns).

hawla the Scratcher (Felid Shapeshifter)             Turns: 755, Time: 00:02:59

Health: -1/18      AC:  1    Str: 12    XL:     3   Next: 25%
Magic:  4/4        EV: 18    Int: 13    God:
Gold:   61         SH:  0    Dex: 15    Spells: 2/2 levels left
                                        Lives:  0   Deaths: 1

rFire   . .          .
                       - Unarmed
rCold   . . .        (shield unavailable)
rNeg    . . .        (body armour unavailable)
rPois   .            (helmet unavailable)
rElec   .            (cloak unavailable)
rCorr   .            (gloves unavailable)
SInv    +            (boots unavailable)
Will    .....        (no amulet)
Stlth   +            (no ring)
HPRegen 0.23/turn    (no ring)
MPRegen 0.09/turn

%: no passive effects
@: beast-form, weakened
A: beast (slay +1), very small, claws 1, fangs 3, see invisible, shaggy fur 1,
stealthy paws, no weapons or thrown items, no armour, multi-lived
a: Begin Untransformation


You were on level 2 of the Dungeon.
You were a hulking beast.
You visited 1 branch of the dungeon, and saw 2 of its levels.

You collected 61 gold pieces.

Inventory:

Talismans
 b - a beast talisman
 c - a flux talisman
Potions
 a - a potion of degeneration {unknown}
 j - a potion of enlightenment


   Skills:
 - Level 1.0 Fighting
 + Level 3.6 Dodging
 * Level 4.0 Unarmed Combat
 - Level 2.6 Shapeshifting


You had 2 spell levels left.
You didn't know any spells.
Your spell library was empty.

Dungeon Overview and Level Annotations

Branches:
Dungeon (2/15)

Altars:


Innate Abilities, Weirdness & Mutations

You are a hulking beast.
Your limbs bulge with bestial killing power. (Slay +1)
You have sharp claws.
You have razor-sharp teeth.
You have supernaturally acute eyesight. (SInv)
You are covered in fur. (AC +1)
Your paws help you pounce on unaware monsters.
You are incapable of wielding weapons or throwing items.
You cannot wear armour.
You gain extra lives every three experience levels.


Message History

An endoplasm is nearby!
There is an open door here.
The endoplasm quivers.
The endoplasm freezes you.
You are frozen.
You scratch the endoplasm.
The endoplasm is heavily wounded.
The endoplasm barely misses you.
You claw the endoplasm!
You kill the endoplasm!
No target in view!
Found a stone.
Found a leather armour.
A gnoll bouda is nearby!
You completely miss the gnoll bouda.
The gnoll shouts! x2
You bite the gnoll bouda, but do no damage.
You hear a shout!
The gnoll bouda gazes fiercely through you!
You feel your attacks grow feeble. The gnoll bouda completely misses you.
The gnoll bouda attacks as it pursues you!
The gnoll bouda closely misses you.
Your attacks no longer feel as feeble.
You scratch the gnoll bouda.
The gnoll bouda is moderately wounded.
The gnoll bouda hits you with a +0 whip.
You scratch the gnoll bouda.
The gnoll bouda is heavily wounded.
The gnoll bouda gazes fiercely through you!
You feel your attacks grow feeble.
The gnoll bouda hits you with a +0 whip.
You closely miss the gnoll bouda. You bite the gnoll bouda.
The gnoll bouda is heavily wounded.
The gnoll bouda hits you with a +0 whip!
You closely miss the gnoll bouda. You bite the gnoll bouda.
The gnoll bouda is severely wounded.
The gnoll bouda hits you with a +0 whip!
Ouch! That really hurt!
You die...

........# #.#
.[...(..###.#
........+...##
........###..#
........# #..#
##......###..#### #
#######.........
#.########.........
#..hg.ggg.g........
##########g........
#.........
#.........
#..g......
+.g.......
#..g......
#....g.....
#.#...$......


You could see a gnoll bouda and 5 gnolls.

Vanquished Creatures
  A dart slug (D:1)
  A ribbon worm (D:2)
  An orc (D:2)
  4 bats
  6 endoplasms
  A giant cockroach (D:2)
  A goblin (D:1)
  2 hobgoblins
  4 jackals (D:2)
  A ball python (D:2)
  A frilled lizard (D:1)
  A kobold (D:1)
  6 rats
30 creatures vanquished.

Notes
Turn   | Place    | Note
-------+----------+-------------------------------------------
     0 | D:1      | hawla the Felid Shapeshifter began the quest for the Orb.
     0 | D:1      | Reached XP level 1. HP: 10/10 MP: 2/2
   147 | D:1      | Reached XP level 2. HP: 14/14 MP: 3/3
   436 | D:2      | Found a faded altar of an unknown god.
   474 | D:2      | HP: 1/21 [frozen (5)]
   474 | D:2      | Slain by a gnoll
   474 | D:2      | Lost a life (0 lives remaining)
   603 | D:2      | Reached XP level 3. HP: 18/18 MP: 4/4
   673 | D:2      | Reached skill level 4 in Unarmed Combat
   755 | D:2      | Slain by a gnoll bouda

Illustrated notes

Levels and vault maps discovered:
D:1:      saegor_arrival_simple_a, layout_rooms
D:2:      layout_basic, shapermc_ecumenical_altar_mp_highgroup

Skill      XL: |  1  2  3 |
---------------+----------+-----
Dodging        | 3 |  3.6
Unarmed Combat | 4 |  4.0
Fighting       | |  1.0
Shapeshifting  | |  2.6

Action                     || total
---------------------------++-------
  Melee: Unarmed           ||    81
         Bite              ||     8
         Punch             ||     1
    Use: Scroll            ||     7
         Potion            ||     2
   Stab: Sleeping          ||     2
 Armour: Skin              ||    44
  Dodge: Dodged            ||    71
